 Dungeon Crawl Stone Soup version 0.28.0-53-g5a82cb258f (webtiles) character file.

Game seed: 4231509489973237682

166825 safid the Executioner (level 17, -8/170 HPs)
             Began as a Hill Orc Fighter on Aug 18, 2022.
             Was the Champion of Okawaru.
             Mangled by a spark wasp (17 damage)
             ... on level 1 of the Depths.
             The game lasted 01:17:59 (31900 turns).

safid the Executioner (Hill Orc Fighter)           Turns: 31900, Time: 01:18:00

Health: -8/170     AC: 27    Str: 27    XL:     17   Next: 61%
Magic:  26/26      EV:  8    Int: 15    God:    Okawaru [******]
Gold:   1413       SH: 12    Dex: 10    Spells: 16/16 levels left

rFire   + + +      SeeInvis .   e - +8 mithril axe "Arga" {speed, Will+}
rCold   . . .      Faith    .   f - +0 kite shield
rNeg    + . .      Spirit   .   K - +2 plate armour {rPois}
rPois   +          Reflect  .   T - +0 helmet
rElec   .          Harm     .   H - +2 cloak
rCorr   +          Rampage  .   h - +0 pair of gloves of Plasticity {rF+++ rC- rN+ rCorr}
Will    ++...                   U - +2 pair of boots
Stlth   ..........              Z - amulet of regeneration
HPRegen 1.18/turn               n - ring "Bymoutriqugh" {Fly rC+ Int+7}
MPRegen 0.20/turn               z - ring of protection from fire

@: about to teleport, flying
A: no striking features
}: 1/15 runes: decaying
a: Renounce Religion, Heroism, Finesse, Duel


You were on level 1 of the Depths.
You worshipped Okawaru.
Okawaru was exalted by your worship.
You visited 7 branches of the dungeon, and saw 29 of its levels.
You also visited: Ossuary, Gauntlet and Ice Cave.

You collected 3962 gold pieces.
You spent 2549 gold pieces at shops.

Inventory:

Hand Weapons
 e - the +8 mithril axe "Arga" (weapon) {speed, Will+}
   (You bought it in a shop on level 2 of the Orcish Mines)

   Attacks with this weapon are significantly faster.
   Will:      It increases your willpower.
 W - a +3 executioner's axe of flaming
Missiles
 b - a throwing net
 q - 48 poisoned darts (quivered)
 I - 4 curare-tipped darts
 X - 8 silver javelins
Armour
 f - a +0 kite shield (worn)
 h - the +0 pair of gloves of Plasticity (worn) {rF+++ rC- rN+ rCorr}
   (You found it in a Gauntlet)

   rF:        It renders you almost immune to fire.
   rC:        It makes you vulnerable to cold.
   rN:        It protects you from negative energy.
   rCorr:     It protects you from acid and corrosion.
 H - a +2 cloak (worn)
 K - a +2 plate armour of poison resistance (worn)
 L - the +0 pair of boots of Integrity {rPois}
   (You found it on level 11 of the Dungeon)

   rPois:     It protects you from poison.
 T - a +0 helmet (worn)
 U - a +2 pair of boots (worn)
 Y - the +1 pair of gloves of Pandemonium {rPois Int-5 Dex+8 Stlth+}
   (Okawaru gifted it to you on level 3 of the Lair of Beasts)

   Int:       It affects your intelligence (-5).
   Dex:       It affects your dexterity (+8).
   rPois:     It protects you from poison.
   Stlth:     It makes you more stealthy.
Jewellery
 a - a ring of protection from fire
 c - the ring "Nimamonk" {rPois Int+3}
   (You found it in an ice cave)

   [ring of poison resistance]

   Int:       It affects your intelligence (+3).
   rPois:     It protects you from poison.
 n - the ring "Bymoutriqugh" (left hand) {Fly rC+ Int+7}
   (You found it in an ice cave)

   [ring of flight]

   Int:       It affects your intelligence (+7).
   rC:        It protects you from cold.
   Fly:       It grants you flight.
 v - a ring of willpower
 w - a ring of resist corrosion
 z - a ring of protection from fire (right hand)
 S - a ring of see invisible
 Z - an amulet of regeneration (around neck)
Wands
 p - a wand of digging (22)
 y - a wand of paralysis (29)
 B - a wand of iceblast (14)
 J - a wand of polymorph (12)
 M - a wand of flame (61)
 Q - a wand of mindburst (17)
 R - a wand of acid (22)
Scrolls
 g - 3 scrolls of blinking
 i - 6 scrolls of fear
 j - 5 scrolls of silence
 l - a scroll of holy word
 r - a scroll of enchant armour
 s - 11 scrolls of teleportation
 u - 9 scrolls of fog
 G - 3 scrolls of magic mapping
Potions
 d - 4 potions of might
 k - 2 potions of invisibility
 m - 6 potions of mutation
 o - 3 potions of lignification
 x - 6 potions of curing
 A - a potion of resistance
 C - 2 potions of haste
 E - 6 potions of cancellation
 F - 9 potions of flight
 N - 2 potions of berserk rage
 P - a potion of ambrosia
Miscellaneous
 D - a phial of floods
 V - a condenser vane


   Skills:
 + Level 19.8 Fighting
 - Level 23.0 Axes
 - Level 12.0 Armour
 - Level 6.0 Dodging
 - Level 14.0 Shields
 - Level 12.0 Invocations


You had 16 spell levels left.
You didn't know any spells.
Your spell library contained the following spells:

 Spells                   Type           Power      Damage    Failure   Level
 Pain                     Necr           0%         1d4       98%         1
 Sandblast                Erth           0%         2d4       98%         1
 Ensorcelled Hibernation  Hex/Ice        0%         N/A       99%         2
 Passwall                 Tmut/Erth      0%         N/A       99%         2
 Sublimation of Blood     Necr           0%         N/A       99%         2
 Ozocubu's Armour         Ice            0%         N/A       100%        3
 Portal Projectile        Hex/Tloc       0%         N/A       100%        3
 Spider Form              Tmut/Pois      0%         N/A       100%        3
 Stone Arrow              Conj/Erth      0%         3d7       100%        3
 Vampiric Draining        Necr           0%         2d6       100%        3
 Anguish                  Hex/Necr       0%         N/A       100%        4
 Leda's Liquefaction      Hex/Erth       0%         N/A       100%        4
 Passage of Golubria      Tloc           0%         N/A       100%        4
 Petrify                  Tmut/Erth      0%         N/A       100%        4
 Blade Hands              Tmut           0%         N/A       100%        5
 Excruciating Wounds      Necr           0%         N/A       100%        5
 Fireball                 Conj/Fire      0%         3d3       100%        5
 Irradiate                Conj/Tmut      0%         3d13      100%        5
 Iskenderun's Battlesphe  Conj           0%         2d6       100%        5
 Yara's Violent Unravell  Hex/Tmut       0%         3d3       100%        5
 Conjure Ball Lightning   Conj/Air       0%         3x3d6     100%        6
 Iron Shot                Conj/Erth      0%         9d1       100%        6
 Orb of Destruction       Conj           0%         9d5       100%        7
 Ozocubu's Refrigeration  Ice            0%         4d5       100%        7
 Animate Skeleton         Necr           Unusable   N/A       N/A         1
 Call Canine Familiar     Summ           Unusable   N/A       N/A         3
 Tukima's Dance           Hex            Unusable   N/A       N/A         3
 Animate Armour           Summ/Erth      Unusable   N/A       N/A         4
 Summon Ice Beast         Ice/Summ       Unusable   N/A       N/A         4
 Summon Mana Viper        Hex/Summ       Unusable   N/A       N/A         5
 Monstrous Menagerie      Summ           Unusable   N/A       N/A         7

Dungeon Overview and Level Annotations

Branches:
Dungeon (15/15)            Temple (1/1) D:7            Lair (5/6) D:11
  Swamp (4/4) Lair:3       Spider (1/4) Lair:3        Slime (0/5) Lair:5
    Orc (2/2) D:11            Elf (0/3) Orc:2        Vaults (0/5) D:14
 Depths (1/4) D:15        Ossuary (visited)           IceCv (visited)
Gauntlet (visited)

Altars:
Ashenzari
Cheibriados
Dithmenos
Elyvilon
Fedhas
Gozag
Hepliaklqana
Kikubaaqudgha
Makhleb
Nemelex Xobeh
Okawaru
Qazlal
Ru
Sif Muna
Trog
Uskayaw
Vehumet
Wu Jian
Xom
Yredelemnul
Zin
The Shining One
Beogh
Jiyva

Shops:
D:15 *   Orc:2 (!*?

Portals:
Hell: Depths:1

Annotations:
D:6 2 transporters, SpoonFarmer's ghost, novice DrCj
D:9 1 runed translucent door, XVortexX's ghost, novice MiBe
Lair:1 2 transporters
Spider:1 Roxanne


Message History

The spark wasp is lightly wounded.
You block the spark wasp's attack.
You slash the spark wasp!
The spark wasp is heavily wounded.
You block the spark wasp's attack.
You slice the spark wasp!!
The spark wasp is severely wounded.
You slash the white very ugly thing!
The white very ugly thing is lightly wounded.
You slice the white very ugly thing!!
The white very ugly thing is moderately wounded.
You closely miss the white very ugly thing.
The white very ugly thing is moderately wounded.
The white very ugly thing stings you but does no damage.
You slice the white very ugly thing!!
The white very ugly thing is heavily wounded.
You slash the white very ugly thing!
The white very ugly thing is severely wounded.
The white very ugly thing stings you but does no damage.
You slash the white very ugly thing!
The white very ugly thing is severely wounded.
You slash the white very ugly thing!
The white very ugly thing is almost dead.
The white very ugly thing stings you!
The white very ugly thing freezes you!!!
* * * LOW HITPOINT WARNING * * *
The white very ugly thing stings you but does no damage.
The white very ugly thing closely misses you.
You block the spark wasp's attack. The spark wasp stings you!
* * * LOW HITPOINT WARNING * * *
The spark wasp shocks you!
* * * LOW HITPOINT WARNING * * *
Okay, then.
Okay, then.
As you read the scroll of teleportation, it crumbles to dust.
You feel strangely unstable. The spark wasp stings you!
* * * LOW HITPOINT WARNING * * *
The spark wasp shocks you!
You die...

♣y♣.♣ #...#.##.#..........#.#≈
♣♣(Q.♣ #...'.##.#..........#.#≈
#.########...#.##.#......∩...#<#9
.............#....'..........'.#≈
##.##........####.#..........#.#§
#Q####'#########)##+###'#####.#≈
#.# #...##.........# #.# #.#≈
##.####.################## #.#≈
#......###≈≈≈Quy@≈≈≈#≈≈≈# #.#≈
#..###.≈≈≈≈≈≈#######≈≈### +.##
...# ############≈≈≈≈≈# #... .###
#≈≈≈≈≈##### .# ###########≈≈≈# .#
#####≈≈≈### #≈≈###
.###≈≈≈≈≈≈≈≈≈#####≈≈≈≈#
##≈≈≈≈#####≈≈≈≈≈≈≈≈≈### ≈≈≈≈###.#
###≈≈≈#####


You could see a white very ugly thing, a spark wasp and a tengu warrior.

Vanquished Creatures
  Nikola (Swamp:1)
  Rupert (Lair:4)
  Jorgrun (Swamp:2)
  Kirke (Swamp:1)
  A thorn hunter (Swamp:4)
  Donald (Swamp:1)
  A draconian knight (IceCv)
  3 ghouls (Swamp:4)
  A very ugly thing (Depths:1)
  Nessos (Lair:4)
  A vampire knight (Depths:1)
  3 stone giants (Depths:1)
  7 eleionomae
  A dire elephant (D:15)
  4 bunyips
  A minotaur (Gauntlet)
  5 white draconians (IceCv)
  Snorg (D:13)
  Josephine (Swamp:1)
  2 shambling mangroves (Swamp:3)
  A rakshasa (D:15)
  19 hydras
  Harold (D:8)
  4 ghost crabs
  2 boulder beetles
  Erolcha (Orc:2)
  7 two-headed ogres
  A catoblepas (Lair:4)
  2 dancing weapons (D:13)
  5 centaur warriors
  2 death knights
  11 alligators
  2 death scarabs (Gauntlet)
  A spriggan berserker (Depths:1)
  4 orc high priests (Orc:2)
  A tengu warrior (D:15)
  A vampire mage (Depths:1)
  12 spriggans
  Nergalle (Lair:4)
  6 goliath frogs
  A death drake (Swamp:2)
  6 swamp dragons
  6 orc knights
  A lindwurm (Lair:3)
  5 spriggan druids
  A phantasmal warrior (D:13)
  3 bog bodies
  6 deep elf zephyrmancers (Orc:1)
  Pikel (D:7)
  5 deep elf pyromancers
  2 wolf spiders
  3 orc sorcerers (Orc:2)
  5 cyclopes
  6 will-o-the-wisps
  4 manticores
  12 ugly things
  A salamander (D:15)
  8 elephants
  Joseph (D:7)
  A moth of wrath (D:15)
  A torpor snail (Lair:4)
  A black mamba (Lair:3)
  8 cane toads
  4 kobold demonologists
  2 demonic crawlers (D:15)
  5 storm dragon simulacra (IceCv)
  8 komodo dragons
  2 rime drakes
  2 freezing wraiths
  3 golden dragon simulacra (IceCv)
  2 trolls
  2 polar bears
  A meliai (shapeshifter) (D:13)
  10 tyrant leeches
  7 hornets
  25 slime creatures
  6 blink frogs
  A spectral black mamba (Gauntlet)
  4 wyverns
  2 basilisks (Lair:2)
  4 hogs (Swamp:1)
  42 yaks
  12 wraiths
  2 vampires (D:12)
  A human (Swamp:2)
  3 steam dragons
  16 vampire mosquitoes
  A spectral cane toad (Gauntlet)
  16 swamp worms
  An acid dragon (D:9)
  4 water moccasins
  20 orc warriors
  A black bear (D:5)
  6 swamp drakes (Swamp:4)
  An ice beast (D:5)
  3 hornet zombies (Ossuary)
  3 sky beasts
  3 ice dragon simulacra (IceCv)
  2 necrophages
  4 ogres
  12 wolves
  17 centaurs
  2 lemures
  2 phantoms (D:5)
  3 kobold brigands
  17 bullfrogs
  2 wyvern zombies (Ossuary)
  2 scorpions (D:4)
  3 water moccasin zombies (Ossuary)
  9 lindwurm simulacra (IceCv)
  8 killer bees
  16 wights
  9 bullfrog zombies
  2 hounds
  2 jellies (D:6)
  A bullfrog skeleton (D:6)
  6 centaur zombies
  16 orc priests
  2 gnoll shamans
  2 centaur skeletons (D:7)
  4 iguanas (D:5)
  24 orc wizards
  3 killer bee zombies
  2 hound skeletons
  16 mummies (Ossuary)
  9 gnolls
  A howler monkey skeleton (D:6)
  8 adders
  An ufetubus (D:6)
  2 adder skeletons (D:2)
  2 worms (D:2)
  3 dart slugs
  80 orcs
  6 ball pythons
  6 bats
  A bat skeleton (D:2)
  A bat zombie (D:2)
  8 endoplasms
  4 giant cockroaches
  8 goblins
  9 hobgoblins
  13 jackals
  16 kobolds
  3 quokkas
  A ball python skeleton (D:2)
  4 frilled lizards
  A quokka skeleton (D:2)
  6 rats
  2 briar patches (Swamp:4)
818 creatures vanquished.

Vanquished Creatures (others)
  A bunyip (Swamp:4)
  A goliath frog (Swamp:4)
  A spriggan druid (Swamp:4)
  A swamp dragon (Swamp:4)
  A bloated husk (Swamp:4)
  2 spriggans (Swamp:4)
  4 vampire mosquitoes (Swamp:1)
  A swamp worm (Swamp:1)
  4 demonic plants (Gauntlet)
  18 foxfires
  6 fungi
  15 plants
  40 withered plants
95 creatures vanquished.

Grand Total: 913 creatures vanquished

Notes
Turn   | Place    | Note
-------+----------+-------------------------------------------
     0 | D:1      | safid the Hill Orc Fighter began the quest for the Orb.
     0 | D:1      | Reached XP level 1. HP: 19/19 MP: 1/1
   103 | D:1      | Reached skill level 3 in Axes
   103 | D:1      | Reached XP level 2. HP: 20/27 MP: 2/2
   192 | D:1      | Found a faded altar of an unknown god.
   317 | D:1      | Reached XP level 3. HP: 25/33 MP: 3/3
  1256 | D:2      | Reached XP level 4. HP: 40/40 MP: 4/4
  1470 | D:2      | Reached skill level 4 in Axes
  1474 | D:2      | HP: 1/40 [gnoll/+0 spear (6)]
  2049 | D:2      | Reached skill level 5 in Axes
  2113 | D:2      | Reached XP level 5. HP: 46/46 MP: 5/5
  2405 | D:2      | Identified the +8 hand axe of Supply {vorpal, SInv}
  2752 | D:3      | Found a stormy altar of Qazlal.
  2762 | D:3      | Found an ornate altar of the Wu Jian Council.
  3025 | D:3      | Reached skill level 6 in Axes
  3125 | D:3      | Found an iron altar of Okawaru.
  3417 | D:4      | Reached skill level 7 in Axes
  3417 | D:4      | Reached XP level 6. HP: 52/52 MP: 6/6
  3862 | D:4      | Reached skill level 8 in Axes
  3929 | D:4      | Reached XP level 7. HP: 45/58 MP: 7/7
  3933 | D:4      | Reached skill level 9 in Axes
  4345 | D:5      | Entered Level 5 of the Dungeon
  4355 | D:5      | Reached skill level 10 in Axes
  4637 | D:5      | Reached XP level 8. HP: 62/66 MP: 8/8
  4701 | D:5      | Reached skill level 11 in Axes
  4760 | D:5      | Reached skill level 12 in Axes
  5432 | D:5      | Reached skill level 13 in Axes
  5967 | D:6      | Reached XP level 9. HP: 71/71 MP: 9/9
  6018 | D:6      | Reached skill level 14 in Axes
  6112 | D:6      | Found a transporter.
  6115 | D:6      | Noticed SpoonFarmer's ghost (novice DrCj)
  6131 | D:6      | Found a transporter.
  6133 | D:6      | Identified the +2 giant club "Hyjy" {freeze, rF+}
  6133 | D:6      | Identified the +8 dire flail "Halozi" {vamp, Fly}
  6133 | D:6      | Noticed a two-headed ogre
  6348 | D:7      | Noticed Pikel
  6348 | D:7      | Noticed Joseph
  6384 | D:7      | Found a sand-covered staircase.
  6392 | Ossuary  | Entered an ossuary
  6486 | Ossuary  | Reached skill level 15 in Axes
  6789 | Ossuary  | Reached skill level 16 in Axes
  7026 | Ossuary  | Reached skill level 1 in Dodging
  7155 | Ossuary  | Reached skill level 5 in Fighting
  7295 | D:7      | Reached skill level 5 in Armour
  7295 | D:7      | Reached XP level 10. HP: 65/81 MP: 10/10
  7675 | D:7      | Killed Joseph
  8037 | D:7      | Found a staircase to the Ecumenical Temple.
  8081 | D:7      | Killed Pikel
  8120 | Temple   | Entered the Ecumenical Temple
  8326 | D:3      | Became a worshipper of Warmaster Okawaru
  9205 | D:8      | Noticed Harold
  9229 | D:8      | Killed Harold
  9229 | D:8      | Reached * piety under Okawaru
 10144 | D:8      | You fall into a shaft and drop 3 floors!
 10150 | D:11     | Identified the +0 pair of boots of Integrity {rPois}
 10237 | D:11     | Reached XP level 11. HP: 75/94 MP: 11/11
 10337 | D:11     | Reached ** piety under Okawaru
 10445 | D:11     | Reached skill level 5 in Dodging
 10451 | D:11     | Noticed a two-headed ogre
 10464 | D:11     | Killed a two-headed ogre
 10486 | D:11     | Found a staircase to the Orcish Mines.
 10871 | D:11     | Reached *** piety under Okawaru
 10906 | D:11     | HP: 4/97 [orc warrior/+0 battleaxe (15)]
 11348 | D:11     | Noticed a white ugly thing
 11376 | D:11     | Killed a white ugly thing
 11705 | D:10     | Entered Level 10 of the Dungeon
 11719 | D:10     | Found a snail-covered altar of Cheibriados.
 11850 | D:10     | Reached **** piety under Okawaru
 11861 | D:10     | Identified the +7 dagger of the Known World {venom, Int+2}
 12395 | D:9      | Found a runed translucent door.
 12398 | D:9      | Noticed XVortexX's ghost (novice MiBe)
 12613 | D:9      | Noticed a two-headed ogre
 12625 | D:9      | Killed a two-headed ogre
 12626 | D:9      | Reached skill level 10 in Fighting
 13534 | D:10     | Reached skill level 10 in Armour
 13592 | D:10     | Noticed a two-headed ogre
 13607 | D:10     | Killed a two-headed ogre
 13608 | D:10     | Reached XP level 12. HP: 82/110 MP: 12/12
 13804 | D:10     | Reached skill level 1 in Invocations
 15043 | D:11     | Found a broken altar of Ashenzari.
 15048 | D:11     | Reached ***** piety under Okawaru
 15383 | D:11     | Found a staircase to the Lair.
 15450 | Lair:1   | Entered Level 1 of the Lair of Beasts
 15533 | Lair:1   | Received a gift from Okawaru
 15610 | Lair:1   | Found a transporter.
 15610 | Lair:1   | Noticed a boulder beetle
 15611 | Lair:1   | Found a transporter.
 15706 | Lair:1   | Reached skill level 5 in Invocations
 16784 | Lair:2   | Reached skill level 17 in Axes
 16871 | Lair:3   | Found a hole to the Spider Nest.
 16877 | Lair:3   | Found a staircase to the Swamp.
 17056 | Lair:3   | Reached XP level 13. HP: 117/118 MP: 18/18
 17204 | Lair:3   | Identified the +1 pair of gloves of Pandemonium {rPois
                  | Int-5 Dex+8 Stlth+} (Okawaru gifted it to you on level 3 of
                  | the Lair of Beasts)
 17204 | Lair:3   | Received a gift from Okawaru
 17734 | Lair:4   | Reached skill level 18 in Axes
 17765 | Lair:4   | Noticed Nergalle
 17773 | Lair:4   | Killed Nergalle
 17773 | Lair:4   | Reached ****** piety under Okawaru
 17810 | Lair:4   | Noticed Nessos
 17946 | Lair:4   | HP: 5/118 [Nessos/arrow (4)]
 17951 | Lair:4   | Killed Nessos
 18045 | Lair:4   | Noticed Rupert
 18170 | Lair:4   | Killed Rupert
 18171 | Lair:4   | Reached skill level 19 in Axes
 18449 | Lair:4   | Identified the +6 arbalest of Dishonour {freeze, rF+ Int+3}
 18656 | Lair:5   | Identified the +2 hand axe of Dishonour {vamp, rC+}
                  | (Okawaru gifted it to you on level 5 of the Lair of Beasts)
 18656 | Lair:5   | Received a gift from Okawaru
 18657 | Lair:5   | Reached skill level 10 in Invocations
 18907 | Lair:5   | Found a gate leading to a gauntlet.
 18914 | Gauntlet | Entered a Gauntlet
 18914 | Gauntlet | Found a transporter.
 18914 | Gauntlet | Found a transporter.
 18914 | Gauntlet | Found a large runed translucent door.
 18914 | Gauntlet | Found a large runed translucent door.
 18914 | Gauntlet | Found a large runed translucent door.
 18914 | Gauntlet | Found a large runed translucent door.
 18914 | Gauntlet | Found a large runed translucent door.
 18914 | Gauntlet | Found a large runed translucent door.
 18914 | Gauntlet | Found a runed translucent door.
 18914 | Gauntlet | Found a runed translucent door.
 18914 | Gauntlet | Found a large runed translucent door.
 18914 | Gauntlet | Found a large runed translucent door.
 18914 | Gauntlet | Found a large runed translucent door.
 18914 | Gauntlet | Found a large runed translucent door.
 18914 | Gauntlet | Found a large runed translucent door.
 18914 | Gauntlet | Found a large runed translucent door.
 18918 | Gauntlet | Found a transporter.
 18918 | Gauntlet | Found a transporter.
 18927 | Gauntlet | Found a transporter.
 18946 | Gauntlet | Found a transporter.
 18954 | Gauntlet | Found a transporter.
 18956 | Gauntlet | Found a transporter.
 18956 | Gauntlet | Found a transporter.
 18960 | Gauntlet | Found a transporter.
 18994 | Gauntlet | Found a transporter.
 19007 | Gauntlet | Found a large runed translucent door.
 19008 | Gauntlet | Found a large runed translucent door.
 19010 | Gauntlet | Found a runed translucent gate.
 19011 | Gauntlet | Found a runed translucent gate.
 19012 | Gauntlet | Found a runed translucent gate.
 19012 | Gauntlet | Found a transporter.
 19030 | Gauntlet | Found a large runed translucent door.
 19031 | Gauntlet | Found a large runed translucent door.
 19058 | Gauntlet | Found a transporter.
 19073 | Gauntlet | Found a transporter.
 19173 | Gauntlet | Found a transporter.
 19191 | Gauntlet | Found a transporter.
 19418 | Gauntlet | Reached skill level 20 in Axes
 19426 | Gauntlet | Identified the +0 pair of gloves of Plasticity {rF+++ rC-
                  | rN+ rCorr}
 19480 | Gauntlet | Reached XP level 14. HP: 108/126 MP: 21/21
 19596 | Gauntlet | Identified the ring "Himnik" {Fire Int+4}
 19982 | Lair:5   | Found a staircase to the Slime Pits.
 19982 | Lair:5   | Found a viscous altar of Jiyva.
 20328 | Orc:1    | Entered Level 1 of the Orcish Mines
 20538 | D:11     | Identified the +2 hat of Benevolence {*Slow Regen+ Int-2
                  | Stlth+} (Okawaru gifted it to you on level 11 of the
                  | Dungeon)
 20538 | D:11     | Received a gift from Okawaru
 20840 | Orc:2    | Entered Level 2 of the Orcish Mines
 20840 | Orc:2    | Found a staircase to the Elven Halls.
 20860 | Orc:2    | Noticed Erolcha
 20862 | Orc:2    | Reached skill level 21 in Axes
 20967 | Orc:2    | Killed Erolcha
 21186 | Orc:2    | Found a roughly hewn altar of Beogh.
 21494 | Orc:2    | Reached skill level 22 in Axes
 21569 | Orc:2    | Found Ceuwk's Magic Scroll Emporium.
 21569 | Orc:2    | Found Pyucyeb's General Store.
 21571 | Orc:2    | Found Emasoph's Distillery.
 21571 | Orc:2    | Found Diop's Weapon Boutique.
 21577 | Orc:2    | Bought a scroll of blinking for 127 gold pieces
 21577 | Orc:2    | Bought 2 scrolls of blinking for 255 gold pieces
 21577 | Orc:2    | Bought a scroll of identify for 34 gold pieces
 21577 | Orc:2    | Bought a scroll of identify for 34 gold pieces
 21582 | Orc:2    | Bought a potion of brilliance for 48 gold pieces
 21582 | Orc:2    | Bought a potion of haste for 120 gold pieces
 21582 | Orc:2    | Bought a potion of cancellation for 96 gold pieces
 21582 | Orc:2    | Bought a potion of attraction for 36 gold pieces
 21582 | Orc:2    | Bought a potion of flight for 36 gold pieces
 21582 | Orc:2    | Bought a potion of magic for 96 gold pieces
 21582 | Orc:2    | Bought a potion of curing for 36 gold pieces
 21582 | Orc:2    | Bought a potion of curing for 36 gold pieces
 21582 | Orc:2    | Bought a potion of curing for 36 gold pieces
 21582 | Orc:2    | Bought a potion of heal wounds for 60 gold pieces
 21582 | Orc:2    | Bought a potion of heal wounds for 60 gold pieces
 21585 | Orc:2    | Bought a potion of heal wounds for 55 gold pieces
 22637 | D:12     | Reached skill level 5 in Shields
 22830 | D:12     | Identified the ring "Rionkoru" {rPois rC- MP+9 Dex+4}
 23012 | D:13     | Reached XP level 15. HP: 107/132 MP: 24/24
 23061 | D:13     | Noticed Snorg
 23070 | D:13     | Killed Snorg
 23805 | D:13     | Reached skill level 23 in Axes
 23858 | D:13     | Received a gift from Okawaru
 24207 | Orc:2    | Bought the +8 mithril axe "Arga" {speed, Will+} for 904
                  | gold pieces
 24207 | Orc:2    | Found the +8 mithril axe "Arga" {speed, Will+}
 24477 | D:14     | Found a gate to the Vaults.
 24749 | D:15     | Entered Level 15 of the Dungeon
 24838 | D:15     | Reached skill level 10 in Shields
 24864 | D:15     | Found a frozen archway.
 24875 | IceCv    | Entered an ice cave
 25516 | IceCv    | Noticed a white draconian knight
 25560 | IceCv    | HP: 6/132 [something/blast of cold (33)]
 25726 | IceCv    | Killed a white draconian knight
 25978 | IceCv    | Identified the ring "Nimamonk" {rPois Int+3}
 25984 | IceCv    | Identified the ring "Bymoutriqugh" {Fly rC+ Int+7}
 26178 | D:15     | Found Upryi's General Store.
 26190 | D:15     | Received a gift from Okawaru
 26199 | D:15     | Bought a phial of floods for 480 gold pieces
 26524 | D:15     | Found a staircase to the Depths.
 26565 | D:15     | Identified the +9 hand axe "Kujuniha" {vorpal, rF+++ Str-2
                  | Int+3} (Okawaru gifted it to you on level 15 of the
                  | Dungeon)
 26565 | D:15     | Received a gift from Okawaru
 26566 | D:15     | Reached XP level 16. HP: 131/139 MP: 25/25
 26588 | D:15     | Identified a scroll of acquirement
 26589 | D:15     | Acquired 852 gold pieces
 27081 | Swamp:1  | Entered Level 1 of the Swamp
 27081 | Swamp:1  | Noticed Donald
 27095 | Swamp:1  | Killed Donald
 27317 | Swamp:1  | Noticed Josephine
 27331 | Swamp:1  | Killed Josephine
 27427 | Swamp:1  | Noticed Kirke
 27441 | Swamp:1  | Killed Kirke
 27629 | Swamp:1  | Noticed Nikola
 27648 | Swamp:1  | Killed Nikola
 28082 | Swamp:2  | Identified the +0 tower shield "Hagreiv" {rPois rN+ Slay+2}
                  | (Okawaru gifted it to you on level 2 of the Swamp)
 28082 | Swamp:2  | Received a gift from Okawaru
 28124 | Swamp:2  | Noticed Jorgrun
 28136 | Swamp:2  | Killed Jorgrun
 28737 | Swamp:3  | Reached skill level 15 in Fighting
 29991 | Swamp:4  | Entered Level 4 of the Swamp
 30005 | Swamp:4  | Reached XP level 17. HP: 161/161 MP: 26/26
 30253 | Swamp:4  | Received a gift from Okawaru
 31423 | Swamp:4  | Got a decaying rune of Zot
 31509 | Spider:1 | Entered Level 1 of the Spider Nest
 31509 | Spider:1 | Identified Roxanne's Catalogue of Transformation
 31509 | Spider:1 | Noticed Roxanne
 31647 | Depths:1 | Entered Level 1 of the Depths
 31649 | Depths:1 | Found a gateway to Hell.
 31900 | Depths:1 | Mangled by a spark wasp

Illustrated notes

Levels and vault maps discovered:
D:1:      minmay_arrival_checkered_box, layout_basic,
          hellmonk_ecumenical_altar_dog_temple, hangedman_decor_lopped
D:2:      layout_loops_corners, serial_undead, serial_undead_b, serial_undead_c,
          serial_undead_d, serial_undead_f, serial_undead_e, serial_undead_b,
          serial_undead_c, minmay_goblin_kobold_house
D:3:      layout_loops_cross, kennysheep_okawaru_gauntlet,
          nicolae_wu_jian_wuxing_cycle, nicolae_qazlal_eye_of_the_storm,
          chequers_serial_rivers_room_b
D:4:      layout_basic
D:5:      layout_basic
D:6:      hellmonk_ruined_rings, layout_rooms, gammafunk_ghost_smash
D:7:      layout_rooms, lemuel_temple_firewalk_b, nicolae_ossuary_entry_ruins,
          uniq_pikel, uniq_joseph
D:8:      layout_basic, uniq_harold
D:9:      layout_basic, ebering_ghost_reflecting_pool
D:10:     lemuel_ice_spiral_2, layout_irregular_city,
          mainiacjoe_overflow_cross_hatched, hangedman_decor_diamond_cutter,
          grunt_ministairs_15
D:11:     layout_rooms, lair_entry_dummy, hiddenorc2_lemuel,
          evilmike_ruin_ashenzari
D:12:     layout_gridville
D:13:     layout_big_octagon, uniq_snorg
D:14:     layout_rooms, erik_vaults_1, amcnicky_mini_pool_small, chequers_garden
D:15:     hangedman_depths_entry_try_elsewhere_first, layout_cave_pods,
          portal_ice_cave_entry_pillars_1, hellmonk_bongcloud_opening,
          minmay_shop_grid_forest, worms_lemuel
Temple:   compressed_dpeg_circular_temple
Lair:1:   gammafunk_boulding_lane, layout_misc_corridors
Lair:2:   layout_misc_corridors, nicolae_lair_run_with_the_wolves
Lair:3:   layout_misc_corridors, swamp_mist, dummy_spider_entry,
          nicolae_lair_lindhole, grunt_megastairs_4
Lair:4:   layout_hall_layers, pond, uniq_rupert, uniq_nessos, uniq_nergalle
Lair:5:   layout_regular_city, slime_altar_1, gauntlet_entry_generic,
          infiniplex_staircase_pool_2
Swamp:1:  layout_falls_marsh, hangedman_swamp_ruin_wall, uniq_donald,
          uniq_nikola, uniq_kirke, uniq_josephine
Swamp:2:  layout_basic_swamp, serial_swamp_ruin, evilmike_swamp_ruin_house_6,
          evilmike_swamp_ruin_house_3, evilmike_swamp_ruin_rubble_2,
          uniq_jorgrun
Swamp:3:  nicolae_swamp_wrong_neighborhood, layout_basic_swamp,
          nicolae_swamp_bean_lake
Swamp:4:  swamp, layout_basic_swamp, swamp_pool3
Spider:1: layout_cave_pods, uniq_roxanne
Orc:1:    layout_caves, elves_outpost_lemuel
Orc:2:    grunt_orc_tribal_feast, layout_diamond_mine, bh_open_orc_temple,
          uniq_erolcha
Depths:1: nzn_winding_woodlands_three_and_one
          [nzn_winding_woodlands_5x15_jagged, nzn_winding_woodlands_5x15_eye,
          nzn_winding_woodlands_5x15_garden,
          nzn_winding_woodlands_center_triple_pond], layout_gridlike,
          hell_entry, abyss_entry, chequers_serial_rivers_large_b,
          nicolae_hepliaklqana_ecumenical_no_more, uniq_bai_suzhen

Skill      XL: |  1  2  3  4  5  6  7  8  9 10 11 12 13 14 15 16 17 |
---------------+----------------------------------------------------+-----
Axes           | 3 5 7 8 10 13 16 17 20 22 23 | 23.0
Fighting       | 4 5 8 11 12 17 19 | 19.8
Shields        | 4 6 13 14 | 14.0
Armour         | 4 5 7 10 11 12 | 12.0
Dodging        | 2 4 6 |  6.0
Invocations    | 6 10 12 | 12.0

Action                   |  1- 3 |  4- 6 |  7- 9 | 10-12 | 13-15 | 16-18 || total
-------------------------+-------+-------+-------+-------+-------+-------++-------
Melee: War axe           |    96 |    74 |       |       |       |       ||   170
       Hand axe          |       |    76 |   314 |   514 |       |       ||   904
       Executioner's axe |       |       |       |    88 |   615 |    35 ||   738
       Broad axe         |       |       |       |       |   300 |   664 ||   964
Throw: Dart              |       |       |       |     3 |     2 |       ||     5
Invok: Heroism           |       |       |       |       |    16 |    10 ||    26
       Finesse           |       |       |       |       |    13 |     6 ||    19
Evoke: Wand              |       |       |       |       |     1 |       ||     1
  Use: Scroll            |       |       |       |     7 |    17 |     9 ||    33
       Potion            |       |       |       |     1 |    19 |     1 ||    21
 Stab: Distracted        |       |       |       |     1 |       |       ||     1
Armor: Scale mail        |    51 |    61 |    80 |    25 |       |       ||   217
       Plate armour      |       |       |       |   266 |   665 |   470 ||  1401
Dodge: Dodged            |    51 |    84 |    79 |   178 |   366 |   275 ||  1033
Block: Buckler           |    17 |    29 |    36 |    76 |       |       ||   158
       Kite shield       |       |       |       |       |   114 |   354 ||   468
